 Dungeon Crawl Stone Soup version 0.26-a0-259-g1effd001a9 (webtiles) character file.

Game seed: 14733551771172848908

165 night the Chiller (level 5, -6/38 HPs)
             Began as a Draconian Ice Elementalist on July 27, 2020.
             Mangled by a nameless horror (7 damage)
             ... created by miscasting Summon Ice Beast
             ... on level 2 of the Dungeon.
             The game lasted 00:06:18 (3317 turns).

night the Chiller (Draconian Ice Elementalist)      Turns: 3317, Time: 00:06:19

Health: -6/38      AC:  5    Str: 11    XL:     5   Next: 22%
Magic:  0/9        EV: 12    Int: 16    God:
Gold:   229        SH:  0    Dex: 11    Spells: 2/10 levels left

rFire    . . .     SeeInvis .   d - +1 short sword
rCold    . . .     Faith    .   (no shield)
rNeg     . . .     Spirit   .   (armour unavailable)
rPois    +         Reflect  .   (helmet restricted)
rElec    .         Harm     .   (no cloak)
rCorr    .                      (no gloves)
MR       .....                  (no boots)
Stlth    ++........             (no amulet)
HPRegen  0.12/turn              g - ring of poison resistance
MPRegen  0.11/turn              (no ring)

@: no status effects
A: unfitting armour, cold-blooded, AC +5
a: no special abilities


You were on level 2 of the Dungeon.
You were not hungry.

You visited 1 branch of the dungeon, and saw 3 of its levels.

You collected 229 gold pieces.

Inventory:

Hand Weapons
 d - a +1 short sword (weapon)
Jewellery
 g - a ring of poison resistance (left hand)
Scrolls
 f - a scroll of remove curse
Potions
 a - a potion of invisibility
 c - a potion of curing {unknown}
 e - a potion of experience {unknown}
 k - a potion of heal wounds {unknown}
Comestibles
 b - 8 rations


   Skills:
 - Level 1.7 Dodging
 - Level 1.7 Stealth
 + Level 3.2 Spellcasting
 * Level 5.9 Ice Magic


You had 2 spell levels left.
You knew the following spells:

 Your Spells              Type           Power        Failure   Level
a - Freeze                Ice            ###.         1%          1
b - Frozen Ramparts       Ice            ###...       4%          3
c - Summon Ice Beast      Ice/Summ       ##......     47%         4

Your spell library contained the following spells:

 Spells                   Type           Power        Failure   Level
 Ozocubu's Armour         Chrm/Ice       ##......     16%         3
 Hailstorm                Conj/Ice       ##......     47%         4


Dungeon Overview and Level Annotations

Branches:
Dungeon (3/15)

Altars:
Cheibriados
Dithmenos
Elyvilon
Wu Jian
Zin

Annotations:
D:3 Grinder


Innate Abilities, Weirdness & Mutations

Your plain brown scales are hard. (AC +5)
You cannot fit into any form of body armour.
You are cold-blooded and may be slowed by cold attacks.


Message History

Aiming: Freeze (safe; 1% risk of failure)
Press: ? - help, Shift-Dir - straight line, f - nameless horror
Aim: a nameless horror (durably summoned)
You freeze the nameless horror.
The nameless horror is lightly damaged.
The nameless horror closely misses you.
Casting: Freeze (safe; 1% risk of failure)
Confirm with . or Enter, or press ? or * to list all spells.
You don't have enough magic to cast that spell.
You hit the nameless horror.
The nameless horror is moderately damaged.
The nameless horror closely misses you.
You hit the nameless horror but do no damage.
The nameless horror is moderately damaged.
The nameless horror completely misses you.
You barely miss the nameless horror.
Your tail-slap misses the nameless horror.
The nameless horror is moderately damaged.
The nameless horror hits you!
You die...

##.....## #...###
#..## ########.###
.....<.....#
##.........#
#########'#######
.##...##...##...##
.#<.♣..'.♣....♣X@#
.##...##...##...##
..#######'#######
.<.....##.##
.......#...#
...>...#.♣.#
.......#...#
.......##>##
........#####


You could see a nameless horror.

Vanquished Creatures
  An orc priest (D:3)
  3 gnolls (D:3)
  An adder (D:2)
  3 oozes
  4 worms
  2 dart slugs
  2 orcs (D:2)
  8 bats
  2 giant cockroaches
  8 goblins
  6 hobgoblins
  3 jackals (D:1)
  A quokka (D:3)
  4 frilled lizards
  10 kobolds
  13 rats
71 creatures vanquished.

Notes
Turn   | Place    | Note
-------+----------+-------------------------------------------
     0 | D:1      | night the Draconian Ice Elementalist began the quest for
                  | the Orb.
     0 | D:1      | Reached XP level 1. HP: 14/14 MP: 3/3
   343 | D:1      | Reached XP level 2. HP: 16/20 MP: 0/5
   818 | D:1      | Reached XP level 3. HP: 26/26 MP: 2/6
   990 | D:1      | Learned a level 3 spell: Frozen Ramparts
  1655 | D:2      | Found a shadowy altar of Dithmenos.
  1844 | D:2      | Reached skill level 5 in Ice Magic
  2279 | D:2      | Reached XP level 4. HP: 33/33 MP: 8/8
  2776 | D:3      | Found a snail-covered altar of Cheibriados.
  2819 | D:3      | Found an ornate altar of the Wu Jian Council.
  2824 | D:3      | Found a white marble altar of Elyvilon.
  2835 | D:3      | Found a glowing silver altar of Zin.
  2958 | D:3      | Noticed Grinder
  2964 | D:3      | Paralysed by Grinder for 6 turns
  3173 | D:3      | Reached XP level 5. HP: 37/38 MP: 5/9
  3236 | D:3      | Learned a level 4 spell: Summon Ice Beast
  3250 | D:3      | Noticed a nameless horror
  3312 | D:3      | HP: 1/38 [nameless horror[miscasting Summon Ice Beast]
                  | (15)]
  3317 | D:2      | Mangled by a nameless horror

Illustrated notes

Levels and vault maps discovered:
D:1:      psy_arrival_radial02, layout_basic, st_stairs_13
D:2:      wad_pebble_path, layout_rooms,
          nicolae_dithmenos_through_a_glass_darkly, grunt_ministairs_5,
          minmay_statues_item
D:3:      layout_rooms, cheibriados_altar_1, minitemple, minmay_misc_feat_iff,
          minmay_misc_feat_diagonals, uniq_grinder, uniq_crazy_yiuf_cottage,
          uniq_jessica

Skill      XL: |  1  2  3  4 |
---------------+-------------+-----
Ice Magic      | 5 |  5.9
Spellcasting   | 3 |  3.2
Dodging        | |  1.7
Stealth        | |  1.7

Action                   |  1- 3 |  4- 6 || total
-------------------------+-------+-------++-------
Melee: Unarmed           |    11 |       ||    11
       Tailslap          |     2 |       ||     2
       Short sword       |    20 |    32 ||    52
 Cast: Freeze            |    40 |     6 ||    46
       Frozen Ramparts   |     8 |    13 ||    21
  Use: Scroll            |     3 |     6 ||     9
  Eat: Ration            |     2 |       ||     2
Armor: Skin              |    19 |    11 ||    30
Dodge: Dodged            |    65 |    27 ||    92

Table legend:
 A = Non-vault XP
 B = Vault XP
 C = Vault XP percentage of total XP
 D = Non-vault monster count
 E = Vault monster count
 F = Vault count percentage of total count
                 A         B        C        D         E       F
            +---------+---------+-------+---------+---------+-------
      Total |     233 |       4 |   1.7 |      68 |       3 |   4.2
            +---------+---------+-------+---------+---------+-------
        D:1 |      53 |       1 |   1.9 |      25 |       1 |   3.8
        D:2 |      59 |       3 |   4.8 |      24 |       2 |   7.7
        D:3 |     121 |       0 |   0.0 |      19 |       0 |   0.0
            +---------+---------+-------+---------+---------+-------
